cohdb
Replays
Latest Replays
All Replays
Popular Replays
Top Player Replays
Match Explorer
How It Works
Community
CoH3 Stats
Reddit
Sign in to upload your games and track your stats! →
Sign in with Steam
Match 41049514
Unlisted
Match 41049514
Overview
Messages
Build Orders
End
Construct Section Command Post
Infantry Section
Infantry Section
Selects Canadian Shock Battlegroup
ML 3-inch Mortar Team
Grenade Package
Infantry Section
Selects Incendiary Munitions
Construct Platoon Command Post
6-pounder Anti-tank Gun Team
Selects Pyrotechnics
CMP 15cwt Truck
6-pounder Anti-tank Gun Team
Construct Company Command Post
Particycles
banksss33
FrozenTEARz
setana
苏大大
Danko
0
0
Comments
sign in to comment!
No comments posted yet!